 Dungeon Crawl Stone Soup version 0.27-a0-972-gd1521fd518 (webtiles) character file.

Game seed: 14611258781399216107

28 runemasterragnar the Magician (level 3, -2/28 HPs)
             Began as a Djinni Hedge Wizard on Apr 14, 2021.
             Slain by a gnoll
             ... wielding a +0 whip
              (6 damage)
             ... on level 1 of the Dungeon.
             The game lasted 00:01:48 (1587 turns).

runemasterragnar the Magician (Djinni Hedge Wizard) Turns: 1587, Time: 00:01:48

Health: -2/28      AC:  2    Str: 10    XL:     3   Next: 14%
Gold:   12         EV: 12    Int: 15    God:
                   SH:  0    Dex: 12

rFire    + + .     SeeInvis .   f - +0 quarterstaff
rCold    x . .     Faith    .   (shield currently unavailable)
rNeg     . . .     Spirit   .   b - +0 robe
rPois    ∞         Reflect  .   c - +0 hat
rElec    .         Harm     .   (no cloak)
rCorr    .         Rampage  .   (no gloves)
Will     .....                  (boots unavailable)
Stlth    ++........             (no amulet)
HPRegen  0.09/turn              (no ring)
MPRegen  0.00/turn              (no ring)

@: flying
A: fire resistance 2, cold vulnerability 1, float, innate caster, hp casting,
extra vitality 1
a: no special abilities


You were on level 1 of the Dungeon.
You visited 1 branch of the dungeon, and saw 1 of its levels.

You collected 12 gold pieces.

Inventory:

Hand Weapons
 a - a +0 dagger
 f - a +0 quarterstaff (weapon)
Armour
 b - a +0 robe (worn)
 c - a +0 hat (worn)
Scrolls
 d - a scroll of enchant armour {unknown}
 e - 2 scrolls of identify
Potions
 g - a potion of might
 h - a potion of magic


   Skills:
 * Level 1.8 Fighting
 + Level 2.6 Dodging
 + Level 2.0 Stealth
 - Level 2.6 Spellcasting


You couldn't memorise any spells.
You knew the following spells:

 Your Spells              Type           Power      Damage    Failure   Level
a - Magic Dart            Conj           40%        1d5       7%          1
b - Blink                 Tloc           N/A        N/A       11%         2
c - Call Imp              Summ           10%        N/A       11%         2
d - Slow                  Hex            10%        N/A       11%         2
e - Conjure Flame         Conj/Fire      10%        6-21      21%         3
f - Mephitic Cloud        Conj/Pois/Air  10%        N/A       21%         3
g - Corona                Hex            11%        N/A       7%          1
Your spell library was empty.

Dungeon Overview and Level Annotations

Branches:
Dungeon (1/15)

Altars:

Shops:
D:1 :(


Innate Abilities, Weirdness & Mutations

You are immune to poison.
Your flesh is very heat resistant. (rF++)
You are vulnerable to cold. (rC-)
You float through the air rather than walking.
You learn spells naturally, not from books.
Your magical power is your life essence.
You have superior vitality. (+4 HP)


Message History

Casting: Call Imp (safe; 11% risk of failure)
Confirm with . or Enter, or press ? or * to list all spells.
A beastly little devil appears in a puff of flame.
The gnoll barely misses your crimson imp.
The gnoll closely misses your crimson imp.
Your shadow imp hits the gnoll.
Your crimson imp hits the gnoll but does no damage.
The gnoll hits your crimson imp with a +0 whip.
Your shadow imp hits the gnoll.
Your crimson imp closely misses the gnoll.
Something barely misses your shadow imp.
The gnoll barely misses your crimson imp.
Your crimson imp blinks!
Something hits your crimson imp but does no damage.
Something hits your crimson imp.
Your crimson imp blinks!
Casting: Call Imp (safe; 11% risk of failure)
Confirm with . or Enter, or press ? or * to list all spells.
A beastly little devil appears in a puff of flame.
The hobgoblin hits your crimson imp but does no damage.
Your shadow imp closely misses the gnoll.
The gnoll barely misses you.
Your shadow imp barely misses the gnoll.
Your crimson imp completely misses the hobgoblin.
Your crimson imp disappears in a puff of smoke!
The bat misses your crimson imp.
The hobgoblin completely misses your shadow imp.
Your crimson imp closely misses the hobgoblin.
Your crimson imp closely misses the gnoll.
You closely miss the gnoll.
The gnoll is moderately wounded.
The gnoll hits you with a +0 whip.
* * * LOW HITPOINT WARNING * * *
Your crimson imp barely misses the hobgoblin.
Your crimson imp hits the gnoll.
Unknown command.
Unknown command.
Your crimson imp closely misses the gnoll.
The gnoll hits you with a +0 whip.
You die...

#..#####.)..#
######....
#...........#
#.........
#####.#.....##
#.......##
#........#
#.......#
###......##
#.......#
#.......#
#.......#
#.......#
#.......#
##..§.§.#
#.......#
######@#
#########
#g#######
#5.5g.g5#
#######b#
#.5...#
#b5.g.#
.......#
#.....#+##
#.....


You could see a gnoll (ally target) and a friendly crimson imp (summoned).

Vanquished Creatures
  A dart slug (D:1)
  2 ball pythons (D:1)
  2 bats (D:1)
  2 goblins (D:1)
  A hobgoblin (D:1)
  2 jackals (D:1)
  A quokka (D:1)
  2 frilled lizards (D:1)
  A rat (D:1)
14 creatures vanquished.

Vanquished Creatures (collateral kills)
  2 bats (D:1)
  3 endoplasms (D:1)
  A giant cockroach (D:1)
  A goblin (D:1)
  2 hobgoblins (D:1)
  A jackal (D:1)
  2 ball pythons (D:1)
  A kobold (D:1)
  3 rats (D:1)
16 creatures vanquished.

Grand Total: 30 creatures vanquished

Notes
Turn   | Place    | Note
-------+----------+-------------------------------------------
     0 | D:1      | runemasterragnar the Djinni Hedge Wizard began the quest
                  | for the Orb.
     0 | D:1      | Reached XP level 1. HP: 15/15 MP: 0/0
   137 | D:1      | Found Ittuf's Antique Weapon Emporium.
   169 | D:1      | Found Deyppafo's Book Emporium.
   292 | D:1      | Reached skill level 1 in Fighting
   292 | D:1      | Reached XP level 2. HP: 19/22 MP: 0/0
   986 | D:1      | Reached XP level 3. HP: 11/28 MP: 0/0
   986 | D:1      | Learned a level 1 spell: Corona
  1587 | D:1      | Slain by a gnoll

Illustrated notes

Levels and vault maps discovered:
D:1:      dpeg_arrival_stone_temple_mockup, layout_basic, serial_shops,
          shop_fountains, nicolae_shop_behind_doors, grunt_decor_cap,
          minmay_split_cup_large

Skill      XL: |  1  2 |
---------------+-------+-----
Fighting       | 1 |  1.8
Stealth        | 2 |  2.0
Dodging        | |  2.6
Spellcasting   | |  2.6

Action                   || total
-------------------------++-------
Melee: Dagger            ||    24
       Quarterstaff      ||    18
 Cast: Magic Dart        ||    12
       Call Imp          ||    14
       Blink             ||     1
  Use: Potion            ||     1
       Scroll            ||     1
Armor: Robe              ||     9
Dodge: Dodged            ||    48

Table legend: (Time is in decaauts)
 A = Elapsed time spent in this place.
 B = Non-inter-level travel time spent in this place.
 C = Inter-level travel time spent in this place.
 D = Time resting spent in this place.
 E = Time spent auto-exploring this place.
 F = Levels seen in this place.
 G = Mean time per level.
                   A        B        C        D        E       F      G
               +--------+--------+--------+--------+--------+-----+--------+
         Total |   1591 |   1591 |      0 |    918 |    493 |   1 | 1591.0 |
       Dungeon |   1591 |   1591 |      0 |    918 |    493 |   1 | 1591.0 |
               +--------+--------+--------+--------+--------+-----+--------+

Top non-repeatable levels by time:
     D:1: 1591 daAuts
